 Seeded DCSS version 0.28.0-62-gf88900778d (webtiles) character file.

Game seed: 7721106751639504098 (custom seed)

61 cbfl8 the Poker (level 4, -2/37 HPs)
             Began as a Merfolk Berserker on July 3, 2023.
             Was a Believer of Trog.
             Slain by an adder (4 damage)
             ... on level 2 of the Dungeon.
             The game lasted 00:01:47 (2003 turns).

cbfl8 the Poker (Merfolk Berserker)                 Turns: 2003, Time: 00:01:47

Health: -2/37      AC:  3    Str: 17    XL:     4   Next: 7%
Magic:  4/4        EV: 12    Int:  6    God:    Trog [**....]
Gold:   59         SH:  0    Dex: 15    Spells: 3/3 levels left

rFire   + . .      SeeInvis .   a - +0 spear
rCold   . . .      Faith    .   (no shield)
rNeg    . . .      Spirit   .   g - +0 leather armour {rF+}
rPois   .          Reflect  .   (no helmet)
rElec   .          Harm     .   (no cloak)
rCorr   .          Rampage  .   (no gloves)
Will    .....                   (no boots)
Stlth   +.........              (no amulet)
HPRegen 0.12/turn               (no ring)
MPRegen 0.09/turn               (no ring)

@: on berserk cooldown, slowed, invisible, very slow
A: (nimble swimmer 2), mertail
a: Renounce Religion, Berserk, Trog's Hand


You were on level 2 of the Dungeon.
You worshipped Trog.
Trog was pleased with you.
You visited 1 branch of the dungeon, and saw 3 of its levels.

You collected 59 gold pieces.

Inventory:

Hand Weapons
 a - a +0 spear (weapon)
Armour
 g - a +0 leather armour of fire resistance (worn)
Wands
 c - a wand of iceblast (7)
Scrolls
 b - 2 scrolls of identify
 e - a scroll of magic mapping


   Skills:
 + Level 3.6 Fighting
 * Level 6.2 Polearms
 + Level 1.4 Armour
 + Level 2.8 Dodging
 + Level 0.7 Stealth
 * Level 0.5 Evocations


You had 3 spell levels left.
You didn't know any spells.
Your spell library was empty.

Dungeon Overview and Level Annotations

Branches:
Dungeon (3/15)

Altars:


Innate Abilities, Weirdness & Mutations

((You are very nimble when in or above water. (Stealth+, EV+, Speed+++)))
Your lower body shifts to a powerful aquatic tail in water.


Message History

The ball python grabs you. The ball python constricts you.
You closely miss the adder.
The adder is moderately wounded.
The adder closely misses you.
You miss the adder.
The adder is moderately wounded.
You are no longer berserk.
You are exhausted.
You feel yourself slow down. The ball python bites you.
* * * LOW HITPOINT WARNING * * *
The goblin hits you with a +1 dagger of freezing.
* * * LOW HITPOINT WARNING * * *
The goblin freezes you.
* * * LOW HITPOINT WARNING * * *
The ball python barely misses you. The ball python constricts you.
The adder bites you.
* * * LOW HITPOINT WARNING * * *
Blink to where?
Press: ? - help, Dir - move target You escape the ball python's grasp.
As you read the scroll of blinking, it crumbles to dust.
Okay, then.
Okay, then.
The goblin unwields a +1 dagger of freezing.
The goblin wields a +3 hunting sling.
The goblin shoots a stone.
The stone barely misses you.
The goblin shoots a stone.
The stone hits you.
* * * LOW HITPOINT WARNING * * *
The adder closely misses you. The adder bites you.
* * * LOW HITPOINT WARNING * * *
There is an open door here.
It was a potion of invisibility.
You fade into invisibility!
The goblin shoots a stone.
The stone hits the ball python.
The ball python dies!
The adder bites you.
* * * LOW HITPOINT WARNING * * *
The adder bites you.
You die...

+.........## ##.## ##...# #....#
#..........# #...# #....# #....#
.......###.###.#.###.#..####....#
.........#..#..#..#..#.†........#
#..^...####...###...##.......####
.....### #...# #...##.......#
###..# ##.## ##.###....####
.....### ############.##.#
.......# #.....@SS....##.#
.......# #......#.....##.#
.......# #......#.....##.#
.......####.######.gg..##.#
.......'....# #..g..##.#
.......###### #.g...##.# ########
#.....##.# # #.....##.# #
###...##.#


You could see an adder, a goblin and a ball python.

Vanquished Creatures
  Robin (D:3)
  4 endoplasms
  4 giant cockroaches
  7 goblins
  8 hobgoblins
  5 ball pythons
  4 bats
  4 frilled lizards
  4 kobolds
  5 rats
46 creatures vanquished.

Vanquished Creatures (others)
  A ball python (D:2)
1 creature vanquished.

Grand Total: 47 creatures vanquished

Notes
Turn   | Place    | Note
-------+----------+-------------------------------------------
     0 | D:1      | cbfl8 the Merfolk Berserker began the quest for the Orb.
     0 | D:1      | Reached XP level 1. HP: 18/18 MP: 1/1
   197 | D:1      | Reached skill level 5 in Polearms
   197 | D:1      | Reached XP level 2. HP: 24/24 MP: 2/2
  1186 | D:2      | Reached XP level 3. HP: 29/29 MP: 3/3
  1213 | D:2      | Reached ** piety under Trog
  1632 | D:3      | Noticed Robin
  1646 | D:2      | Reached skill level 6 in Polearms
  1981 | D:3      | Killed Robin
  1982 | D:3      | Reached XP level 4. HP: 34/36 MP: 4/4
  2003 | D:2      | Slain by an adder

Illustrated notes

Levels and vault maps discovered:
D:1:      lemuel_arrival_funnel, layout_loops_ring, serial_bayou_pond_c
D:2:      layout_basic, serial_curves, eino_curves_03, eino_curves_04
D:3:      corexii_shack_village, layout_basic,
          nicolae_ecumenical_snake_handling, uniq_pargi, uniq_ijyb, uniq_robin,
          uniq_jessica

Skill      XL: |  1  2  3 |
---------------+----------+-----
Polearms       | 5 6 |  6.2
Fighting       | |  3.6
Armour         | |  1.4
Dodging        | |  2.8
Stealth        | |  0.7
Evocations     | |  0.5

Action                   |  1- 3 |  4- 6 || total
-------------------------+-------+-------++-------
Melee: Spear             |   126 |    12 ||   138
       Punch             |     3 |       ||     3
Invok: Berserk           |     2 |       ||     2
  Use: Scroll            |     2 |     1 ||     3
       Potion            |       |     1 ||     1
 Stab: Sleeping          |     6 |       ||     6
Armor: Animal skin       |     7 |       ||     7
       Leather armour    |    11 |     9 ||    20
Dodge: Dodged            |    47 |    23 ||    70
